 Dungeon Crawl Stone Soup version 0.31.0-11-ge490571c62 (webtiles) character file.

Game seed: 5502561048310738242

16137 safid the Brawler (level 12, -4/97 HPs)
             Began as a White Draconian Shapeshifter on Feb 7, 2024.
             Was a Follower of Ru.
             Slain by a cane toad (20 damage)
             ... on level 2 of the Lair of Beasts.
             The game lasted 00:26:36 (13889 turns).

safid the Brawler (White Draconian Shapeshifter)   Turns: 13889, Time: 00:26:37

Health: -4/97      AC: 12    Str: 28    XL:     12   Next: 7%
Magic:  12/12      EV: 28    Int:  9    God:    Ru [*.....]
Gold:   660        SH:  4    Dex: 10    Spells: 11/11 levels left

rFire   . .          .
                       - Unarmed
rCold   + . .        K - +0 buckler
rNeg    . . .        (body armour unavailable)
rPois   .            (helmet currently unavailable)
rElec   .            (cloak currently unavailable)
rCorr   .            (gloves currently unavailable)
SInv    .            (boots currently unavailable)
Will    .....        u - amulet of the acrobat
Stlth   +            e - +4 ring of protection
HPRegen 0.36/turn    m - +6 ring of strength
MPRegen 0.13/turn

%: acrobat
@: beast-form, acrobatic
A: beast (slay +4), breathe frost, AC +8, unfitting armour, cold resistance 1,
dopey 1, cold-blooded, no fire magic, no hexes magic, no translocations magic
a: Breathe Frost, Begin Untransformation, Renounce Religion


You were on level 2 of the Lair of Beasts.
You worshipped Ru.
Ru was aware of your devotion.
You were a hulking beast.
You visited 3 branches of the dungeon, and saw 14 of its levels.
You also visited: Sewer.

You collected 660 gold pieces.

Inventory:

Missiles
 g - 27 poisoned darts (quivered)
 y - 6 silver javelins
 z - 3 throwing nets
 I - 5 javelins
Armour
 J - a +0 cloak
 K - a +0 buckler (worn)
 V - the +0 toga "Victory" {*Victory Clar}
   (You found it on level 11 of the Dungeon)

   *Victory:  When the wearer kills a threatening monster, it has a chance to
   gain +1 AC, +1 Slay, and +1 Int, capping at +7.
   When the wearer uses a scroll or a potion with a hostile monster in sight,
   its bonuses reset to +0.
   Unequipping it also resets its bonuses to +0.
   Clar:      It protects you from confusion, rage, mesmerisation and fear.
Jewellery
 e - a +4 ring of protection (left hand)
 m - a +6 ring of strength (right hand)
 u - an amulet of the acrobat (around neck)
 M - a +4 ring of protection
 P - a ring of flight
 Y - an amulet of magic regeneration
Talismans
 b - a beast talisman
 c - a flux talisman
 w - a storm talisman
Wands
 d - a wand of digging (9)
 l - a wand of light (9)
 A - a wand of flame (31)
 G - a wand of charming (23)
 N - a wand of iceblast (3)
 U - a wand of mindburst (5)
Scrolls
 h - a scroll of amnesia
 p - 2 scrolls of fog
 q - a scroll of acquirement {unknown}
 r - 3 scrolls of enchant weapon
 s - 3 scrolls of enchant armour
 t - 2 scrolls of brand weapon
 C - 2 scrolls of revelation {unknown}
 H - 2 scrolls of blinking {unknown}
 O - a scroll of butterflies
 R - 3 scrolls of teleportation
 S - a scroll of vulnerability {unknown}
 T - a scroll of poison
 W - a scroll of immolation {unknown}
 X - 3 scrolls of identify
Potions
 a - 3 potions of lignification
 f - a potion of degeneration {unknown}
 i - a potion of ambrosia {unknown}
 j - 4 potions of enlightenment
 k - a potion of attraction {unknown}
 n - a potion of curing
 o - a potion of heal wounds
 v - a potion of cancellation {unknown}
 x - 2 potions of mutation
 B - 2 potions of haste
 D - 4 potions of brilliance {unknown}
 E - 3 potions of might
 F - 2 potions of magic {unknown}
 L - 2 potions of resistance {unknown}
 Q - a potion of berserk rage {unknown}


   Skills:
 + Level 6.7 Fighting
 - Level 6.0 Dodging
 + Level 3.4 Shields
 - Level 16.0 Unarmed Combat
 + Level 7.2 Shapeshifting


You had 11 spell levels left.
You didn't know any spells.
Your spell library contained the following spells:

 Spells                   Type           Power      Damage    Failure   Level
 Necrotise                Necr           0%         1d4       43%         1
 Cigotuvi's Dreadful Rot  Necr/Alch/Air  0%         N/A       56%         2
 Ozocubu's Armour         Ice            0%         N/A       80%         3
 Vampiric Draining        Necr           0%         2d6       80%         3
 Dispel Undead            Necr           0%         3d6       99%         4
 Martyr's Knell           Necr/Summ      0%         N/A       99%         4
 Alistair's Intoxication  Alch           0%         N/A       100%        5
 Curse of Agony           Necr           0%         N/A       100%        5
 Freezing Cloud           Conj/Ice/Air   0%         6-21      100%        5
 Death Channel            Necr           0%         N/A       100%        6
 Sculpt Simulacrum        Ice/Alch       0%         N/A       100%        6
 Chain Lightning          Conj/Air       0%         N/A       100%        9
 Shatter                  Erth           0%         3d5*      100%        9
 Apportation              Tloc           Unusable   N/A       N/A         1
 Jinxbite                 Hex            Unusable   N/A       N/A         2
 Ignite Poison            Fire/Alch      Unusable   N/A       N/A         4
 Metabolic Englaciation   Hex/Ice        Unusable   N/A       N/A         5
 Fire Storm               Conj/Fire      Unusable   5d1       N/A         9

Dungeon Overview and Level Annotations

Branches:
Dungeon (11/15)            Temple (1/1) D:6            Lair (2/5) D:9
    Orc (0/2) D:10          Sewer (visited)
  Swamp: Lair:2-3    Shoals: Lair:2-3     Snake: Lair:2-3    Spider: Lair:2-3

Altars:
Ashenzari
Cheibriados
Dithmenos
Elyvilon
Fedhas
Gozag
Hepliaklqana
Kikubaaqudgha
Makhleb
Nemelex Xobeh
Okawaru
Qazlal
Ru
Sif Muna
Trog
Uskayaw
Vehumet
Wu Jian
Xom
Yredelemnul
Zin
The Shining One

Shops:
D:7 (

Annotations:
D:2 1 runed translucent door, Crazy Yiuf
D:8 2 transporters, seawaffle's ghost, novice MiBe


Innate Abilities, Weirdness & Mutations

You are a hulking beast.
Your limbs bulge with bestial killing power. (Slay +4)
You can breathe waves of freezing cold which knock back foes.
Your icy white scales are hard. (AC +8)
You cannot fit into any form of body armour.
Your flesh is cold resistant. (rC+)
You are dopey. (Int -2)
You are cold-blooded and may be slowed by cold attacks.
You cannot study or cast Fire magic.
You cannot study or cast Hexes magic.
You cannot study or cast Translocations magic.


Message History

You feel sick.
A wolf comes into view.
The wolf closely misses you.
You redirect the cane toad's attack!
The cane toad barely misses itself.
The wolf bites you but does no damage.
You closely miss the cane toad.
The cane toad is moderately wounded.
You feel sick.
The wolf howls!
The cane toad stings you!
* * * LOW HITPOINT WARNING * * *
The wolf bites you.
* * * LOW HITPOINT WARNING * * *
You feel much better.
You feel sick. The wolf bites you! The cane toad stings you!
* * * LOW HITPOINT WARNING * * *
The wolf misses you.
Unknown command.
You feel much better.
You feel sick. The cane toad stings you!
Unknown command.
Unknown command.
You hit the cane toad.
The cane toad is moderately wounded.
The cane toad stings you!!
* * * LOW HITPOINT WARNING * * *
The wolf bites you.
* * * LOW HITPOINT WARNING * * *
Unknown command.
You feel sick.
You feel sick.
You feel sick.
The cane toad attacks as it pursues you!
The cane toad closely misses you.
You feel sick.
You are no longer poisoned.
The cane toad attacks as it pursues you!
The cane toad completely misses you.
The cane toad attacks as it pursues you!
The cane toad closely misses you. The cane toad stings you!!
You die...

## #.########
#..#.#.#.#
#......<#
##.#####>#
###...#.##.#
#......###.##
#..........P.P#
###P.....#hP.##
#.....##FP.#
..<...###h..#
#.####.#..hPh#
## #####.hh#
#.#.# #.#††.#
........#
..........#


You could see a cane toad and 5 wolves.

Vanquished Creatures
  Urug (D:10)
  A two-headed ogre (D:9)
  A cyclops (D:9)
  4 cane toads (Lair:1)
  Maggie (D:9)
  An unseen horror (D:10)
  3 trolls
  Grinder (D:5)
  Prince Ribbit (D:6)
  A polar bear (Lair:1)
  A hornet (D:7)
  10 blink frogs (Lair:1)
  A wyvern (D:10)
  A wraith (D:6)
  22 yaks
  6 vampire mosquitoes
  Menkaure (D:5)
  Edmund (D:6)
  An acid dragon (D:9)
  2 water moccasins (Lair:1)
  3 orc warriors
  An ice beast (D:7)
  2 sky beasts
  3 black bears
  12 centaurs
  2 kobold brigands (D:8)
  5 bullfrogs
  Blork the orc (D:5)
  A gnoll sergeant (D:9)
  2 scorpions
  7 wights
  16 killer bees
  2 howler monkeys
  3 hounds
  8 orc priests
  A jelly (D:7)
  2 gnoll boudas
  A sleepcap (D:6)
  4 iguanas
  3 orc wizards
  Natasha (thrice) (D:4)
  17 gnolls
  7 river rats (Sewer)
  9 adders
  3 shadow imps
  2 white imps (D:8)
  4 ufetubi
  4 dart slugs
  33 orcs
  12 ball pythons
  6 bats
  6 endoplasms
  5 giant cockroaches
  4 goblins
  10 hobgoblins
  15 jackals
  2 quokkas
  3 frilled lizards
  29 kobolds
  22 rats
  A spectral orc (D:7)
337 creatures vanquished.

Vanquished Creatures (others)
  A komodo dragon (Lair:1)
  A yak (D:10)
2 creatures vanquished.

Grand Total: 339 creatures vanquished

Notes
Turn   | Place    | Note
-------+----------+-------------------------------------------
     0 | D:1      | safid the Draconian Shapeshifter began the quest for the
                  | Orb.
     0 | D:1      | Reached XP level 1. HP: 16/16 MP: 1/1
   318 | D:1      | Reached XP level 2. HP: 23/23 MP: 2/2
  1041 | D:2      | Reached XP level 3. HP: 28/28 MP: 3/3
  1063 | D:2      | Found a runed translucent door.
  1064 | D:2      | Noticed Crazy Yiuf
  1265 | D:2      | Found a faded altar of an unknown god.
  1395 | D:2      | Reached skill level 4 in Unarmed Combat
  1983 | D:3      | Reached XP level 4. HP: 35/35 MP: 4/4
  2189 | D:3      | Identified the +4 dagger of Spite {pain, rCorr Str+5}
  2516 | D:3      | Found the +7 staff of the Meek {protect, meekguard}
  2715 | D:4      | Reached XP level 5. HP: 37/40 MP: 5/5
  2858 | D:4      | Reached skill level 5 in Unarmed Combat
  3183 | D:4      | Reached XP level 6. HP: 17/47 MP: 6/6
  3451 | D:4      | Noticed Natasha
  3455 | D:4      | Killed Natasha
  3456 | D:4      | Reached skill level 6 in Unarmed Combat
  3740 | D:4      | Noticed Natasha
  3746 | D:4      | Killed Natasha
  4025 | D:4      | Your scales start taking on an icy white colour.
  4025 | D:4      | Reached XP level 7. HP: 52/52 MP: 7/7
  4025 | D:4      | Gained mutation: Your flesh is cold resistant. (rC+) [White
                  | Draconian growth]
  4223 | D:4      | Noticed Natasha
  4230 | D:4      | Killed Natasha
  4377 | D:5      | Entered Level 5 of the Dungeon
  4379 | D:5      | Found a glowing drain.
  4393 | Sewer    | Entered a sewer
  4570 | Sewer    | Reached skill level 7 in Unarmed Combat
  5100 | D:5      | Noticed a yak
  5100 | D:5      | Noticed a yak
  5100 | D:5      | Noticed a yak
  5100 | D:5      | Noticed a yak
  5106 | D:5      | Noticed a yak
  5117 | D:5      | Killed a yak
  5129 | D:5      | Killed a yak
  5130 | D:5      | Reached XP level 8. HP: 40/61 MP: 8/8
  5135 | D:5      | Reached skill level 8 in Unarmed Combat
  5151 | D:5      | Reached skill level 5 in Shapeshifting
  5398 | D:5      | Noticed Blork the orc
  5407 | D:5      | Killed Blork the orc
  5440 | D:5      | Noticed Menkaure
  5448 | D:5      | Killed Menkaure
  5449 | D:5      | Reached skill level 9 in Unarmed Combat
  5763 | D:5      | Noticed Grinder
  5790 | D:5      | Paralysed by Grinder for 4 turns
  5804 | D:5      | Paralysed by Grinder for 3 turns
  6052 | D:5      | Killed Grinder
  6053 | D:5      | Reached XP level 9. HP: 68/68 MP: 9/9
  6336 | D:6      | Reached skill level 10 in Unarmed Combat
  6375 | D:6      | Found a staircase to the Ecumenical Temple.
  6378 | D:6      | Noticed Prince Ribbit
  6388 | D:6      | Killed Prince Ribbit
  6405 | Temple   | Entered the Ecumenical Temple
  6430 | Temple   | Became a worshipper of Ru the Awakened
  6461 | D:6      | Reached skill level 5 in Dodging
  6539 | D:6      | Noticed Edmund
  6566 | D:6      | Killed Edmund
  6805 | D:6      | Reached skill level 11 in Unarmed Combat
  7183 | D:7      | Found Jeis's Weapon Shop.
  7499 | D:7      | Reached XP level 10. HP: 78/78 MP: 10/10
  7823 | D:7      | Found a hazy altar of Hepliaklqana.
  7920 | D:8      | Reached skill level 12 in Unarmed Combat
  7944 | D:8      | Gained mutation: You cannot study or cast Fire magic. [Ru
                  | sacrifice]
  7944 | D:8      | Gained mutation: You cannot study or cast Hexes magic. [Ru
                  | sacrifice]
  7944 | D:8      | Gained mutation: You cannot study or cast Translocations
                  | magic. [Ru sacrifice]
  7944 | D:8      | Reached * piety under Ru
  8030 | D:8      | Found a transporter.
  8030 | D:8      | Noticed seawaffle's ghost (novice MiBe)
  8151 | D:8      | Found a transporter.
  8212 | D:8      | You fall into a shaft and drop 2 floors!
  8212 | D:10     | Entered Level 10 of the Dungeon
  8285 | D:10     | Found a staircase to the Orcish Mines.
  8800 | D:10     | Reached skill level 13 in Unarmed Combat
  8968 | D:10     | Noticed Urug
  8975 | D:10     | Killed Urug
  9223 | D:9      | Noticed Maggie
  9230 | D:9      | Killed Maggie
  9285 | D:9      | Found a staircase to the Lair.
  9285 | D:9      | Noticed a cyclops
  9301 | D:9      | Killed a cyclops
  9302 | D:9      | Reached XP level 11. HP: 76/84 MP: 11/11
  9344 | D:9      | Reached skill level 14 in Unarmed Combat
 10430 | D:9      | Gained mutation: You are dopey. (Int -2) [Ru sacrifice]
 10615 | D:9      | Noticed a two-headed ogre
 10631 | D:9      | Killed a two-headed ogre
 11885 | D:11     | Reached skill level 5 in Fighting
 11988 | D:11     | Found the +0 toga "Victory" {*Victory Clar}
 12226 | Lair:1   | Entered Level 1 of the Lair of Beasts
 12265 | Lair:1   | Reached skill level 1 in Shields
 12390 | Lair:1   | Reached skill level 15 in Unarmed Combat
 13307 | Lair:1   | Reached skill level 16 in Unarmed Combat
 13466 | Lair:1   | Reached XP level 12. HP: 82/97 MP: 12/12
 13889 | Lair:2   | Slain by a cane toad

Illustrated notes

Levels and vault maps discovered:
D:1:      minmay_arrival_jagged, layout_basic, minmay_tripent
D:2:      layout_loops_corners, dreamdust_ecumenical_altar_grove,
          minmay_tetromino_o4, uniq_crazy_yiuf_cottage
D:3:      layout_basic, pf_guarded_unrand_meek
D:4:      layout_layer_cave, serial_bayou, serial_bayou_pond_d,
          serial_bayou_ford_a, serial_bayou_pond_e, serial_bayou_pond_e,
          serial_bayou_pond_a, chequers_serial_rivers_micro_a, uniq_natasha
D:5:      layout_basic, cheibrodos_sewer_entry_sluice, uniq_menkaure,
          uniq_blork_the_orc, uniq_grinder
D:6:      layout_basic, minmay_temple_entry_offerings, uniq_edmund,
          uniq_prince_ribbit1
D:7:      layout_cave_pools, nicolae_hepliaklqana_monster_ancestors,
          serial_shops, nicolae_square_shop
D:8:      layout_basic, serial_demonic, serial_demonic_b, serial_demonic_b,
          serial_demonic_a, serial_demonic_c, gammafunk_ghost_stat_death
D:9:      layout_roguey, lair_entry_dummy, nicolae_elevator_lobby_asterisk,
          uniq_maggie
D:10:     layout_basic, hiddenorc2_lemuel, uniq_urug
D:11:     layout_long_grid
Temple:   compressed_dpeg_triangle_lava_temple
Lair:1:   layout_concentric_octagons, st_stairs_12, dreamdust_gnoll_shepherd
Lair:2:   layout_loops_ring, swamp_mist, guppyfry_snake_entry_island,
          basic_altar, grunt_forest_stairs_basic, ldierk_geyser

Skill      XL: |  1  2  3  4  5  6  7  8  9 10 11 12 |
---------------+-------------------------------------+-----
Dodging        | 2 3 4 6 |  6.0
Unarmed Combat | 4 5 6 7 9 11 13 16 | 16.0
Shapeshifting  | 4 5 7 |  7.2
Fighting       | 2 3 4 6 |  6.7
Shields        | 2 3 |  3.4

Action                     |  1- 3 |  4- 6 |  7- 9 | 10-12 || total
---------------------------+-------+-------+-------+-------++-------
  Melee: Unarmed           |   116 |   144 |   348 |   430 ||  1038
         Tailslap          |     7 |    25 |    37 |    68 ||   137
         Punch             |     2 |     2 |    17 |     9 ||    30
 Invoke: Sacrifice Arcana  |       |       |       |     1 ||     1
         Sacrifice Purity  |       |       |       |     1 ||     1
Ability: Breathe Frost     |       |       |     2 |     1 ||     3
    Use: Scroll            |       |       |    13 |     1 ||    14
         Potion            |       |       |     3 |     5 ||     8
   Stab: Sleeping          |     2 |       |       |       ||     2
 Armour: Skin              |    44 |    62 |   229 |   275 ||   610
  Dodge: Dodged            |    78 |    90 |   272 |   355 ||   795
  Block: Buckler           |       |       |       |    52 ||    52
